 Dungeon Crawl Stone Soup version 0.25-a0-1133-g93ebf739aa (webtiles) character file.

Game seed: 68921414412872761, levelgen mode: deterministic

6965 Flugslaktarn the Cleaver (level 10, -33/94 HPs)
             Began as a Deep Dwarf Fighter on May 20, 2020.
             Was an Initiate of Makhleb.
             Killed from afar by Erolcha (55 damage)
             ... with a crystal spear
             ... on level 9 of the Dungeon.
             The game lasted 00:05:21 (6716 turns).

Flugslaktarn the Cleaver (Deep Dwarf Fighter)       Turns: 6716, Time: 00:05:22

Health: -33/94     AC: 15    Str: 23    XL:     10   Next: 81%
Magic:  0/0        EV:  8    Int: 12    God:    Makhleb [......]
Gold:   190        SH: 12    Dex: 16    Spells: 9/9 levels left

rFire    + + .     SeeInvis .   a - +0 war axe
rCold    + . .     Gourm    .   c - +0 kite shield
rNeg     . . .     Faith    +   b - +0 scale mail
rPois    .         Spirit   .   l - +0 helmet {Int+3}
rElec    .         Reflect  .   g - scarf {rC+ rF+}
rCorr    .         Harm     .   k - +2 pair of gloves
MR       +....                  s - +1 pair of boots
Stlth    ..........             w - amulet "Onub" {Faith Dex+4}
HPRegen  0.00/turn              f - ring of protection from fire
MPRegen  0.07/turn              (no ring)

@: non-regenerating, slowed, lightly drained, very slow
A: damage resistance, heal wounds, sense surroundings 2, no regeneration
a: Heal Wounds, Renounce Religion


You were on level 9 of the Dungeon.
You worshipped Makhleb.
Makhleb was noncommittal.
You were hungry.

You visited 2 branches of the dungeon, and saw 10 of its levels.

You collected 475 gold pieces.
You spent 285 gold pieces at shops.

Inventory:

Hand Weapons
 a - a +0 war axe (weapon)
Armour
 b - a +0 scale mail (worn)
 c - a +0 kite shield (worn)
 g - a scarf of resistance (worn)
   (You found it on level 4 of the Dungeon)
 k - a +2 pair of gloves (worn)
   (You found it on level 4 of the Dungeon)
 l - a +0 helmet of intelligence (worn)
   (You acquired it on level 6 of the Dungeon)
 s - a +1 pair of boots (worn)
   (You found it on level 4 of the Dungeon)
Jewellery
 f - a ring of protection from fire (left hand)
   (You found it on level 2 of the Dungeon)
 m - an uncursed ring of protection from magic
   (You took it off an orc warrior on level 9 of the Dungeon)
 n - an uncursed amulet of the acrobat {unknown}
   (You found it on level 6 of the Dungeon)
 w - the amulet "Onub" (around neck) {Faith Dex+4}
   (You bought it in a shop on level 5 of the Dungeon)

   [amulet of faith]

   It allows you to gain divine favour quickly.
   It affects your dexterity (+4).
 C - a +4 ring of protection {unknown}
   (You found it on level 9 of the Dungeon)
Wands
 y - a wand of acid (7)
   (You found it on level 8 of the Dungeon)
Scrolls
 i - 4 scrolls of fear
 o - 3 scrolls of enchant armour
 r - 4 scrolls of identify
 t - a scroll of teleportation
 u - 2 scrolls of immolation
 x - a scroll of remove curse
 A - 5 scrolls of enchant weapon
Potions
 d - 3 potions of might
 h - a potion of haste
 j - 6 potions of flight
 p - a potion of degeneration {unknown}
 q - 7 potions of curing
 v - a potion of berserk rage {unknown}
 z - 3 potions of mutation {unknown}
 B - 3 potions of lignification {unknown}
 D - a potion of stabbing {unknown}
Comestibles
 e - 20 rations


   Skills:
 - Level 7.4(7.1) Fighting
 - Level 11.5(11.1) Axes
 - Level 8.8(8.4) Armour
 - Level 8.8(8.4) Shields
 + Level 0.0 Invocations


You had 9 spell levels left.
You didn't know any spells.
Your spell library was empty.

Dungeon Overview and Level Annotations

Branches:
Dungeon (9/15)             Temple (1/1) D:4             Orc (0/2) D:9
   Lair: D:8-11

Altars:
Ashenzari
Cheibriados
Dithmenos
Elyvilon
Fedhas
Gozag
Hepliaklqana
Kikubaaqudgha
Makhleb
Nemelex Xobeh
Okawaru
Qazlal
Ru
Sif Muna
Trog
Uskayaw
Vehumet
Wu Jian
Xom
Yredelemnul
Zin
The Shining One

Shops:
D:5 (**=[   D:7 ?

Annotations:
D:9 Erolcha


Innate Abilities, Weirdness & Mutations

You are resistant to damage.
You can heal yourself by infusing magical energy.
You passively map the area around you.
You do not regenerate.


Message History

Erolcha gestures at you while chanting. You resist with almost no effort.
Erolcha mumbles some strange words.
Erolcha seems to speed up.
Things that are here:
a cursed -3 dagger; an orc corpse You barely miss Erolcha.
Erolcha points at you and mumbles some strange words.
You feel yourself slow down.
You slash Erolcha!
Erolcha is moderately wounded.
You are feeling hungry.
You block Erolcha's attack. Erolcha barely misses you.
You hit Erolcha.
Erolcha is moderately wounded.
Erolcha closely misses you. Erolcha gestures at you while chanting.
The crystal spear hits you!!!
Ouch! That really hurt!
You die...

###### #..#<.........#
##########..###..#######
.......................#,
≈≈≈≈≈≈≈≈≈≈≈≈≈≈≈#.......#
######...######≈.#######,
.....'...#....#≈.# * ,
.....#...#†#..#≈.# *
.##..#...###..#≈O# *,
[)#..#........#≈@# ,
###).#........#≈)#
...).########'#≈.#
..)†.≈≈≈#......≈.# *
###).≈8≈#......≈.# *
(....≈≈≈#'#####≈.# *,*
.#............#≈.# *
##............#≈.# *
......#..###..#≈.# * *


You could see Erolcha (fast).

Vanquished Creatures
  Pikel (D:6)
  A deep elf mage (D:9)
  2 gargoyles
  A troll (D:9)
  Prince Ribbit (D:6)
  A hippogriff (D:7)
  A wraith (D:9)
  2 hungry ghosts (D:9)
  Menkaure (D:4)
  Edmund (D:5)
  3 orc warriors
  3 ice beasts
  3 phantoms
  2 necrophages
  2 slaves (D:6)
  4 ogres
  6 centaurs
  6 bullfrogs
  A gnoll sergeant (D:6)
  A scorpion (D:5)
  A howler monkey (D:9)
  A killer bee (D:9)
  8 wights (D:7)
  4 bullfrog zombies
  5 crimson imps
  4 bullfrog skeletons
  3 orc priests
  2 hounds
  10 orc wizards
  A centaur skeleton (D:4)
  5 iguanas
  3 worker ants
  6 ogre zombies (D:9)
  2 hound skeletons
  3 worker ant zombies
  9 gnolls
  4 river rats (D:3)
  12 adders
  3 shadow imps
  2 adder skeletons
  4 worms
  A dart slug (D:2)
  6 leopard geckos
  32 orcs
  3 ball pythons
  9 bats
  7 giant cockroaches
  5 goblins
  7 hobgoblins
  2 jackals (D:7)
  8 quokkas
  3 frilled lizards
  3 goblin zombies (D:9)
  3 hobgoblin skeletons (D:9)
  3 hobgoblin zombies (D:9)
  9 kobolds
  A leopard gecko zombie (D:8)
  3 orc skeletons (D:9)
  12 orc zombies (D:9)
  A quokka zombie (D:2)
  6 rats
259 creatures vanquished.

Vanquished Creatures (others)
  A crimson imp (D:6)
  A worker ant (D:6)
  An ooze (D:6)
  An adder zombie (D:6)
  A worm (D:6)
  A quokka zombie (D:6)
6 creatures vanquished.

Grand Total: 265 creatures vanquished

Notes
Turn   | Place    | Note
-------+----------+-------------------------------------------
     0 | D:1      | Flugslaktarn the Deep Dwarf Fighter began the quest for the
                  | Orb.
     0 | D:1      | Reached XP level 1. HP: 20/20 MP: 1/1
   106 | D:1      | Reached XP level 2. HP: 20/27 MP: 2/2
   282 | D:2      | Reached skill level 3 in Axes
   282 | D:2      | Reached XP level 3. HP: 19/34 MP: 3/3
   356 | D:2      | Found an iron altar of Okawaru.
   422 | D:2      | Reached XP level 4. HP: 18/42 MP: 4/4
   615 | D:4      | Found a staircase to the Ecumenical Temple.
   648 | Temple   | Entered the Ecumenical Temple
   889 | D:4      | Reached skill level 4 in Axes
   901 | D:4      | Found a stormy altar of Qazlal.
   907 | D:4      | Reached XP level 5. HP: 44/49 MP: 5/5
  1149 | D:4      | Noticed a phantom
  1174 | D:4      | Killed a phantom
  1174 | D:4      | Reached XP level 6. HP: 27/57 MP: 6/6
  1318 | D:4      | Noticed Menkaure
  1340 | D:4      | Killed Menkaure
  1340 | D:4      | Reached skill level 5 in Axes
  1499 | D:5      | Entered Level 5 of the Dungeon
  1561 | D:5      | Reached XP level 7. HP: 39/64 MP: 4/4
  1605 | D:5      | Reached skill level 5 in Shields
  1612 | D:5      | Found Dustrie's Jewellery Boutique.
  1616 | D:5      | Noticed Edmund
  1633 | D:5      | Killed Edmund
  1633 | D:5      | Reached skill level 6 in Axes
  1633 | D:5      | Reached skill level 5 in Armour
  1736 | D:5      | Found Nausetoi's Armour Shoppe.
  1871 | D:5      | Found Focani's Assorted Antiques.
  1888 | D:5      | Bought a twitching tin amulet for 105 gold pieces
  1903 | D:5      | Reached XP level 8. HP: 60/73 MP: 4/4
  1904 | D:5      | Identified the amulet "Onub" {Faith Dex+4} (You bought it
                  | in a shop on level 5 of the Dungeon)
  1943 | D:5      | Found Cophor's Weapon Emporium.
  1967 | D:5      | Found Otri Pas's Assorted Antiques.
  2065 | D:5      | Found a shadowy altar of Dithmenos.
  2188 | D:5      | Reached skill level 7 in Axes
  2444 | D:6      | Reached skill level 5 in Fighting
  2501 | D:6      | Noticed Prince Ribbit
  2512 | D:6      | Killed Prince Ribbit
  2543 | D:6      | Noticed Pikel
  2558 | D:6      | Killed Pikel
  2558 | D:6      | Reached skill level 8 in Axes
  2558 | D:6      | Gained mutation: You passively map the area around you.
                  | [Deep Dwarf growth]
  2558 | D:6      | Reached XP level 9. HP: 50/81 MP: 4/4
  2680 | D:6      | Identified a scroll of acquirement
  3023 | D:6      | Reached skill level 9 in Axes
  3642 | D:7      | Found an opulent altar of Gozag.
  3732 | D:7      | Found a sacrificial altar of Ru.
  3963 | D:7      | Found Xaozxegu's Magic Scroll Emporium.
  3977 | D:7      | Bought a scroll of enchant armour for 90 gold pieces
  3977 | D:7      | Bought a scroll of enchant weapon for 90 gold pieces
  4380 | D:8      | Reached skill level 10 in Axes
  4392 | D:8      | Found a bloodstained altar of Trog.
  4731 | D:3      | Found an ornate altar of the Wu Jian Council.
  4769 | D:3      | Found a shattered altar of Ashenzari.
  4920 | D:3      | Found a sparkling altar of Nemelex Xobeh.
  5866 | D:8      | Reached XP level 10. HP: 54/92 MP: 2/2
  5893 | D:8      | Noticed a gargoyle
  5905 | D:8      | Killed a gargoyle
  5908 | D:8      | Found a shimmering altar of Xom.
  6359 | D:9      | Reached skill level 11 in Axes
  6371 | D:9      | Found a staircase to the Orcish Mines.
  6496 | D:9      | Noticed a deep elf mage
  6506 | D:9      | Killed a deep elf mage
  6592 | D:9      | Noticed a gargoyle
  6621 | D:9      | Killed a gargoyle
  6653 | D:9      | Found a burning altar of Makhleb.
  6673 | D:9      | Became a worshipper of Makhleb the Destroyer
  6709 | D:9      | Noticed Erolcha
  6716 | D:9      | Killed from afar by Erolcha

Illustrated notes

Levels and vault maps discovered:
D:1:      sevenhm_arrival_forest_fort_small_4, layout_loops_ring,
          chequers_serial_rivers_micro_e
D:2:      layout_basic, okawaru_gym_becter, st_stairs_11
D:3:      layout_loops_ring, lemuel_coloured_pillars_altar,
          lemuel_crystal_altar, old_standard_altar, portal_sewer_entry_c
D:4:      layout_basic, grunt_qazlal_clouds, minmay_temple_entry_slanted,
          first_ration, uniq_menkaure
D:5:      layout_loops_ring, grunt_dithmenos_shadows, serial_shops, shop_statue,
          shop, shop, nicolae_shop_stone, nicolae_shop_crystal, minivault_24,
          uniq_edmund
D:6:      layout_basic, nicolae_underground_beach, uniq_pikel,
          uniq_prince_ribbit1
D:7:      layout_basic, nicolae_ru_great_annihilating_truth, serial_shops, shop,
          nicolae_gozag_cash_rules_everything_around_me
D:8:      layout_rooms, old_standard_altar, overflow_temple_1_default
D:9:      cheibrodos_ideogram_h, layout_basic, lemuel_round_altar,
          zombieorc2_lemuel, blue_anna_alchemist [blue_anna_fruit_fields,
          blue_anna_fruit_fields], uniq_erolcha
Temple:   minmay_temple_bridge_abc

Skill      XL: |  1  2  3  4  5  6  7  8  9 10 |
---------------+-------------------------------+-----
Fighting       | 3 4 5 6 7 |  7.4
Axes           | 3 4 5 6 8 10 11 | 11.5
Armour         | 4 5 6 7 8 |  8.8
Shields        | 4 5 6 7 8 |  8.8

Action                   |  1- 3 |  4- 6 |  7- 9 | 10-12 || total
-------------------------+-------+-------+-------+-------++-------
Melee: War axe           |    71 |   154 |   411 |   244 ||   880
 Abil: Heal Wounds       |     1 |     6 |    10 |     5 ||    22
Evoke: Wand              |       |       |       |     5 ||     5
  Use: Scroll            |       |       |    15 |       ||    15
 Stab: Paralysed         |       |       |     1 |       ||     1
  Eat: Chunk             |       |     3 |    13 |    12 ||    28
       Ration            |       |       |     1 |       ||     1
Armor: Scale mail        |    30 |    69 |   171 |   126 ||   396
Dodge: Dodged            |    23 |    56 |   105 |    90 ||   274
Block: Kite shield       |    41 |    84 |   244 |   167 ||   536

Table legend:
 A = Non-vault XP
 B = Vault XP
 C = Vault XP percentage of total XP
 D = Non-vault monster count
 E = Vault monster count
 F = Vault count percentage of total count
                 A         B        C        D         E       F
            +---------+---------+-------+---------+---------+-------
      Total |    5952 |    3999 |  40.2 |     185 |      72 |  28.0
            +---------+---------+-------+---------+---------+-------
        D:1 |      20 |       0 |   0.0 |      14 |       0 |   0.0
        D:2 |     111 |      10 |   8.3 |      21 |       5 |  19.2
        D:3 |     133 |      57 |  30.0 |      21 |       6 |  22.2
        D:4 |     329 |     172 |  34.3 |      21 |       1 |   4.5
        D:5 |     823 |     180 |  17.9 |      19 |       2 |   9.5
        D:6 |    1082 |     950 |  46.8 |      34 |       2 |   5.6
        D:7 |    1027 |       6 |   0.6 |      18 |       4 |  18.2
        D:8 |    1550 |       0 |   0.0 |      24 |       0 |   0.0
        D:9 |     877 |    2624 |  75.0 |      13 |      52 |  80.0
            +---------+---------+-------+---------+---------+-------
